 Dungeon Sprint DCSS version 0.27-a0-1123-g2f9bb313c0 (webtiles) character file.

Game seed: 2638346776892680924

1300000 Zeld the Acrobat (level 17, -6/144 HPs)
             Began as an Octopode Gladiator on May 3, 2021.
             Was a Believer of Makhleb.
             Mangled by a bag of meat
             ... wielding a +9 war axe
              (27 damage)
             ... in the Dungeon (Sprint VIII: "Arena of Blood").
             The game lasted 00:00:40 (13 turns).

Zeld the Acrobat (Octopode Gladiator)                 Turns: 13, Time: 00:00:42

Health: -6/144     AC:  1    Str: 19    XL:     17   Next: 15%
Magic:  17/17      EV: 27    Int: 11    God:    Makhleb [**....]
Gold:   0          SH:  0    Dex: 14    Spells: 16/16 levels left

rFire    . . .     SeeInvis .   i - +∞ Axe of Woe
rCold    . . .     Faith    .   (shield currently unavailable)
rNeg     . . .     Spirit   .   a - +0 hat
rPois    .         Reflect  .   (no amulet)
rElec    .         Harm     .   (no ring)
rCorr    .         Rampage  .   (no ring)
Will     +....     NoTele   +   (no ring)
Stlth    ++........             (no ring)
HPRegen  0.34/turn              (no ring)
MPRegen  0.15/turn              (no ring)
                                (no ring)
                                (no ring)

@: no status effects
A: almost no armour, amphibious, 8 rings, camouflage 1, gelatinous body 1,
(nimble swimmer 1), tentacles
a: Renounce Religion, Minor Destruction


You were in the Dungeon.
You worshipped Makhleb.
Makhleb was pleased with you.
You visited 1 branch

Inventory:

Hand Weapons
 i - the +∞ Axe of Woe (weapon)
   (You found it in the Dungeon)
Missiles
 b - 3 throwing nets (quivered)
Armour
 a - a +0 hat (worn)
Scrolls
 h - a scroll of blinking
Potions
 c - a potion of curing
 d - a potion of heal wounds
 e - a potion of haste
 f - 2 potions of magic
 g - a potion of berserk rage


   Skills:
 + Level 22.1 Fighting
 - Level 4.9 Axes
 + Level 21.8 Throwing
 + Level 26.2 Dodging
 + Level 26.2 Unarmed Combat


You had 16 spell levels left.
You didn't know any spells.
Your spell library was empty.

Dungeon Overview and Level Annotations

Branches:
Dungeon (1/1)

Altars:
Makhleb


Innate Abilities, Weirdness & Mutations

You cannot wear most types of armour.
You are amphibious.
You can wear up to eight rings at the same time.
Your skin changes colour to match your surroundings (Stealth+).
Your rubbery body absorbs attacks. (AC +1, EV +1)
((You are camouflaged near water. (Stealth+)))
You have tentacles for arms and can constrict up to eight enemies at once.


Message History

Makhleb accepts your kill.
You can now harness Makhleb's destructive might.
The meat berserker appears out of thin air!
A meat berserker comes into view. It is wielding a +9 battleaxe.
The meat berserker rages.
You hear a shout! x8
The meat berserker rages.
You hear a shout!
A meat berserker comes into view. It is wielding a +9 battleaxe.
You hear a shout! x3
A meat berserker comes into view. It is wielding a +9 battleaxe.
You hear a shout! x2
The bag of meat hits you with a +9 war axe!!
You hear a shout! x3
The meat berserker moves out of view. x2
The meat berserker shouts!
You hear a shout!
Your Fighting skill gained 2 levels and is now at level 22!
Your Throwing skill increases to level 21!
Your Dodging skill gained 2 levels and is now at level 26!
Your Unarmed Combat skill gained 2 levels and is now at level 26!
You have reached level 17!
The bag of meat shouts!
You slice the meat berserker!!
You dissect the meat berserker like a pig carcass.
You kill the meat berserker!
Makhleb accepts your kill.
You hit the bag of meat.
You hew the bag of meat savagely.
You kill the bag of meat!
Makhleb accepts your kill.
You feel better.
You hear a shout! x6
A bag of meat comes into view. It is wielding a +9 war axe. x2
You hear a shout! x2
The meat berserker hits you with a +9 battleaxe!!!
* * * LOW HITPOINT WARNING * * *
You hear a shout! x5
A bag of meat comes into view. It is wielding a +9 war axe.
You hear a shout! x2
The bag of meat hits you with a +9 war axe!!
You die...

..... .. #...
.# . #... .o#
..###... ..###.
o.....###......
....._...O..
#.)O..# #_)@._#
#..o..#
....._......
......###o.....
..###... ..###.
. #... ..# #...
o# ..... o.


You could see 2 meat berserkers and 6 bags of meat.

Vanquished Creatures
  6 ogres (D)
  An orc (D)
7 creatures vanquished.

Notes
Turn   | Place    | Note
-------+----------+-------------------------------------------
     0 | D        | Found the +∞ Axe of Woe
     0 | D        | Zeld the Octopode Gladiator began the quest for the Orb.
     0 | D        | Reached XP level 1. HP: 14/14 MP: 1/1
     1 | D        | Noticed a meat berserker
     2 | D        | Noticed a bag of meat
     3 | D        | Noticed a meat berserker
     4 | D        | Became a worshipper of Makhleb the Destroyer
     5 | D        | Killed a meat berserker
     6 | D        | Reached XP level 2. HP: 35/35 MP: 2/2
     6 | D        | Reached XP level 3. HP: 40/40 MP: 3/3
     6 | D        | Reached XP level 4. HP: 46/46 MP: 4/4
     6 | D        | Reached XP level 5. HP: 52/52 MP: 5/5
     6 | D        | Reached XP level 6. HP: 58/58 MP: 6/6
     6 | D        | Reached XP level 7. HP: 63/63 MP: 7/7
     6 | D        | Reached XP level 8. HP: 69/69 MP: 8/8
     6 | D        | Reached XP level 9. HP: 74/74 MP: 9/9
     6 | D        | Reached XP level 10. HP: 81/81 MP: 10/10
     6 | D        | Reached XP level 11. HP: 86/86 MP: 11/11
     6 | D        | Reached XP level 12. HP: 92/92 MP: 12/12
     6 | D        | Reached XP level 13. HP: 98/98 MP: 13/13
     6 | D        | Noticed a meat berserker
     8 | D        | Killed a meat berserker
     8 | D        | Reached * piety under Makhleb
     8 | D        | Killed a meat berserker
     8 | D        | Noticed a meat berserker
     8 | D        | Noticed a meat berserker
     8 | D        | Noticed a bag of meat
     8 | D        | Noticed a bag of meat
     9 | D        | Reached XP level 14. HP: 26/117 MP: 14/14
     9 | D        | Reached XP level 15. HP: 27/123 MP: 15/15
    10 | D        | Killed a meat berserker
    10 | D        | Noticed a meat berserker
    11 | D        | Reached XP level 16. HP: 81/135 MP: 16/16
    12 | D        | Killed a meat berserker
    12 | D        | Reached ** piety under Makhleb
    12 | D        | Noticed a meat berserker
    12 | D        | Noticed a meat berserker
    12 | D        | Noticed a meat berserker
    13 | D        | Reached XP level 17. HP: 52/144 MP: 17/17
    13 | D        | Killed a meat berserker
    13 | D        | Mangled by a bag of meat

Illustrated notes

Levels and vault maps discovered:
D:        meatsprint

Skill      XL: |  1  2  3  4  5  6  7  8  9 10 11 12 13 14 15 16 |
---------------+-------------------------------------------------+-----
Fighting       | 12 18 20 22 | 22.1
Axes           | 4 |  4.9
Throwing       | 11 18 20 21 | 21.8
Dodging        | 20 23 24 26 | 26.2
Unarmed Combat | 20 23 24 26 | 26.2

Action                   |  1- 3 |  4- 6 |  7- 9 | 10-12 | 13-15 | 16-18 || total
-------------------------+-------+-------+-------+-------+-------+-------++-------
Melee: Executioner's axe |     1 |       |       |       |     2 |     2 ||     5
Dodge: Dodged            |       |       |       |       |       |     1 ||     1

Table legend: (Time is in decaauts)
 A = Elapsed time spent in this place.
 B = Non-inter-level travel time spent in this place.
 C = Inter-level travel time spent in this place.
 D = Time resting spent in this place.
 E = Time spent auto-exploring this place.
 F = Levels seen in this place.
 G = Mean time per level.
                   A        B        C        D        E       F      G
               +--------+--------+--------+--------+--------+-----+--------+
         Total |     15 |     15 |      0 |      0 |      0 |   1 |   15.0 |
       Dungeon |     15 |     15 |      0 |      0 |      0 |   1 |   15.0 |
               +--------+--------+--------+--------+--------+-----+--------+

Top non-repeatable levels by time:
       D: 15 daAuts
